Map: Yellowjacket

Players

Ekelpack

  • Race: Zerg Zerg
  • Spawn Location: 9:00

Nyck

  • Race: Terran Terran
  • Spawn Location: 7:00

Santiel - Winner!

  • Race: Terran Terran
  • Spawn Location: 3:00

Santiel - Winner!

  • Race: Protoss Protoss
  • Spawn Location: 1:00

VOD

Have the link to the VOD?

Description

Time

  • Played on: April 8, 2025, 1:42 p.m.
  • Length: 30:11
Show
View Real Time Build Order
Export as new Build Order

Ekelpack Zerg 

Build Orders: Hatch First 

Get SALT Encoding   

  12  0:00  Drone  
  13  0:13  Overlord  
  13  0:18  Drone  
  14  0:31  Drone x2  
  14  0:35  Drone  
  17  0:55  Drone, Hatchery  
  17  1:00  Drone  
  17  1:04  Extractor  
  17  1:15  Spawning Pool  
  17  1:17  Drone  
  17  1:21  Drone  
  18  1:30  Drone  
  20  1:40  Drone  
  20  1:51  Overlord  
  20  2:02  Queen  
  20  2:05  Metabolic Boost  
  22  2:11  Queen  
  22  2:15  Drone  
  25  2:19  Drone  
  25  2:22  Drone  
  27  2:26  Drone  
  27  2:28  Drone  
  29  2:31  Extractor  
  29  2:32  Drone  
  30  2:37  Drone  
  30  2:46  Drone  
  31  2:55  Drone x2  
  31  2:56  Drone  
  34  3:02  Zergling x2  
  34  3:04  Lair  
  35  3:07  Overlord  
  35  3:11  Extractor  
  34  3:13  Drone  
  35  3:20  Drone  
  35  3:26  Zergling x6  
  39  3:28  Drone x3  
  42  3:44  Overlord  
  42  3:46  Drone  
  43  3:49  Extractor  
  42  3:56  Drone x2  
  42  3:58  Overlord  
  42  4:24  Spore Crawler  
  42  4:28  Spire  
  40  4:31  Drone x2  
  40  4:32  Drone  
  40  4:33  Overlord  
  40  4:35  Drone  
  40  4:38  Zergling x10  
  46  4:39  Zergling x4  
  46  4:44  Overlord  
  46  4:45  Evolution Chamber  
  50  4:51  Spore Crawler  
  49  5:20  Zerg Missile Weapons Level 1  
  49  5:23  Hydralisk Den  
  49  5:26  Overlord  
  48  5:30  Spore Crawler  
  48  5:31  Drone x2  
  48  5:33  Drone x2  
  48  5:34  Drone  
  52  5:35  Spore Crawler  
  52  5:40  Overlord x3  
  43  6:07  Grooved Spines  
  43  6:16  Evolution Chamber  
  43  6:18  Hydralisk x4  
  42  6:19  Hydralisk x5  
  60  6:27  Pneumatized Carapace  
  60  6:36  Hydralisk x2  
  60  6:37  Hydralisk x3  
  70  6:47  Zerg Ground Armor Level 1  
  70  6:57  Muscular Augments  
  70  7:17  Hatchery  
  70  7:20  Zerg Missile Weapons Level 2  
  69  7:27  Infestation Pit  
  68  7:31  Queen  
  68  7:34  Hydralisk x2  
  68  7:35  Hydralisk x2  
  78  7:43  Hydralisk  
  78  7:44  Hydralisk  
  78  7:50  Overseer  
  82  8:15  Hydralisk  
  82  8:16  Hydralisk x5  
  82  8:18  Overlord  
  94  8:28  Hive  
  94  8:30  Drone  
  96  8:34  Drone  
  96  8:47  Zerg Ground Armor Level 2  
  96  8:49  Overlord  
  96  9:11  Drone  
  96  9:12  Drone x6, Overlord  
  96  9:13  Drone x2  
  105  9:30  Overlord  
  105  9:39  Zerg Missile Weapons Level 3  
  105  9:53  Drone x3  
  105  9:57  Overlord  
  105  9:59  Viper  
  108  10:00  Viper  
  108  10:01  Hydralisk x5  
  122  10:19  Extractor  
  122  10:21  Drone x4, Extractor  
  124  10:55  Overlord x3  
  124  10:56  Hydralisk x5  
  124  10:57  Hydralisk x6  
  146  11:14  Zerg Ground Armor Level 3  
  146  11:21  Overlord  
  146  11:32  Overlord x2  
  146  11:38  Drone  
  146  11:39  Drone  
  148  11:53  Hatchery  
  147  11:54  Hydralisk  
  147  11:55  Hydralisk x7  
  147  11:56  Hydralisk x3  
  169  12:16  Extractor  
  169  12:19  Unknown  
  168  12:29  Extractor  
  167  12:44  Hydralisk x4  
  167  12:45  Hydralisk x6  
  167  12:46  Hydralisk x3  
  167  12:48  Overlord x2  
  79  13:35  Hydralisk x5  
  79  13:36  Hydralisk x7  
  79  13:37  Hydralisk x2  
  75  14:18  Hydralisk x4  
  75  14:19  Hydralisk x5  
  80  14:42  Hydralisk x5  
  80  14:43  Hydralisk  
  82  14:57  Queen  
  82  14:58  Queen  
  86  15:03  Drone x3  
  89  15:36  Drone  
  89  15:37  Drone x2  
  74  16:09  Hydralisk x6  
  74  16:10  Hydralisk x6  
  74  16:11  Hydralisk x6  
  86  16:12  Hydralisk x6  
  86  16:13  Hydralisk  
  112  16:19  Hydralisk  
  112  16:20  Hydralisk x2  
  109  16:59  Hydralisk  
  109  17:00  Hydralisk x7  
  109  17:01  Hydralisk x3  
  127  17:14  Hydralisk x4  
  113  17:15  Hydralisk  
  115  17:24  Extractor  
  115  17:26  Hatchery, Hydralisk x3  
  115  17:27  Hydralisk  
  115  17:29  Extractor  
  120  17:30  Hydralisk x2  
  120  17:31  Hydralisk x6  
  120  17:32  Hydralisk x2  
  140  17:50  Hydralisk  
  140  17:51  Hydralisk x5  
  74  18:32  Hydralisk  
  74  18:33  Hydralisk x6  
  74  18:34  Hydralisk x7  
  77  19:03  Hydralisk x3  
  71  19:27  Viper  
  71  19:28  Drone  
  75  19:34  Hydralisk  
  75  19:35  Hydralisk x6  
  89  19:39  Hatchery  
  88  19:48  Hatchery  
  61  20:14  Hydralisk x3  
  55  20:15  Hydralisk  
  44  20:54  Drone  
  45  21:02  Extractor  
  45  21:03  Drone  
  45  21:04  Drone  
  45  21:10  Extractor  
  41  21:16  Hydralisk x5  
  41  21:17  Hydralisk  
  41  21:18  Zergling x8  
  55  21:19  Zergling x12  
  55  21:20  Zergling x8  
  66  21:33  Drone x2  
  68  21:52  Drone  
  69  21:58  Hydralisk x3  
  69  21:59  Hydralisk x2  
  79  22:12  Extractor  
  78  22:42  Drone x3  
  80  23:11  Adrenal Glands  
  80  23:22  Hydralisk x6  
  80  23:23  Hydralisk x4  
  71  24:11  Hydralisk x5  
  71  24:12  Hydralisk x5  
  87  24:23  Hydralisk  
  55  25:37  Hydralisk x4  
  55  25:38  Hydralisk x7  
  55  25:39  Hydralisk x2  
  65  25:54  Hatchery  
  48  26:42  Hydralisk x2  
  48  26:43  Hydralisk  
  54  26:48  Hydralisk x5  
  50  27:40  Hydralisk  
  50  27:41  Hydralisk x6  
  50  27:42  Hydralisk x3  
  54  27:57  Hydralisk x3  
  53  28:04  Hydralisk  
  55  28:19  Hydralisk x3  
  61  28:39  Hydralisk x3  
Show
View Real Time Build Order
Export as new Build Order

Nyck Terran 

Build Orders:  

Get SALT Encoding   

  12  0:00  SCV  
  13  0:12  SCV  
  14  0:17  Supply Depot  
  14  0:24  SCV  
  15  0:38  SCV  
  15  0:41  Barracks  
  16  0:51  SCV, Refinery  
  17  1:03  SCV  
  18  1:15  SCV  
  19  1:20  Barracks  
  19  1:28  Orbital Command, Supply Depot  
  19  1:34  Reaper  
  19  1:38  Refinery  
  20  2:01  SCV  
  21  2:07  Factory  
  21  2:11  Marine  
  21  2:13  Marine  
  23  2:20  SCV  
  24  2:31  Marine x2  
  24  2:34  SCV  
  27  2:46  SCV  
  27  2:49  Marine x2  
  30  2:58  SCV  
  30  3:00  Factory Tech Lab  
  30  3:06  Marine, Command Center  
  31  3:14  Supply Depot  
  31  3:16  Marine  
  31  3:18  Siege Tank  
  35  3:22  SCV  
  35  3:26  Barracks Tech Lab  
  36  3:34  SCV  
  36  3:36  Barracks Reactor  
  36  3:39  Starport  
  37  3:46  SCV  
  37  3:47  Combat Shield  
  38  3:50  Marine  
  39  4:05  SCV  
  40  4:17  SCV  
  40  4:20  Orbital Command  
  41  4:28  Starport Reactor  
  41  4:29  SCV  
  42  4:35  Engineering Bay  
  42  4:36  Engineering Bay  
  42  4:37  Armory  
  42  4:41  SCV  
  42  4:44  Marine x2  
  42  4:45  Marine  
  46  4:48  SCV  
  47  4:56  Siege Tank  
  50  5:02  Terran Infantry Weapons Level 1  
  50  5:06  Terran Infantry Armor Level 1  
  50  5:08  Marine  
  50  5:09  Marine  
  50  5:10  Marine  
  53  5:18  Viking  
  55  5:25  SCV x2  
  55  5:29  Terran Vehicle And Ship Armor Level 1  
  52  5:37  SCV x2  
  52  5:40  Missile Turret  
  54  5:47  Viking  
  54  5:49  SCV x2  
  58  5:53  Starport  
  58  5:58  Armory  
  58  6:01  SCV  
  58  6:02  SCV  
  60  6:06  Refinery  
  60  6:10  Refinery  
  60  6:14  SCV  
  61  6:22  Viking  
  61  6:25  SCV  
  64  6:32  SCV  
  65  6:37  SCV  
  66  6:44  SCV  
  67  6:49  SCV  
  67  6:52  Terran Ship Weapons Level 1  
  68  6:54  Viking  
  68  6:56  Starport Reactor  
  68  6:59  Supply Depot  
  70  7:02  Supply Depot  
  70  7:20  SCV x2, Viking  
  74  7:24  Thor  
  74  7:25  Viking  
  82  7:32  Missile Turret  
  82  7:34  SCV x2  
  84  7:38  Viking  
  86  7:48  Terran Vehicle And Ship Armor Level 2  
  86  7:54  Command Center  
  86  7:57  Supply Depot  
  86  8:18  SCV x2, Viking x2  
  92  8:20  Command Center  
  92  8:22  Terran Infantry Weapons Level 2  
  92  8:27  Supply Depot, Terran Infantry Armor Level 2  
  92  8:33  SCV x2  
  94  8:47  Terran Ship Weapons Level 2  
  94  8:48  Marine x3  
  94  8:49  Viking  
  94  8:54  Viking  
  101  9:04  SCV  
  101  9:05  SCV  
  101  9:08  Orbital Command  
  103  9:16  Viking x2  
  107  9:18  SCV x2  
  107  9:19  Viking  
  107  9:22  Supply Depot  
  111  9:27  Viking  
  113  9:32  Orbital Command  
  113  9:36  SCV x2, Missile Turret  
  113  9:37  SCV  
  116  9:44  Marine  
  116  9:45  Marine x2  
  119  9:51  Supply Depot  
  119  9:56  Viking x2  
  119  9:57  Viking  
  125  10:04  SCV x4  
  129  10:09  Refinery  
  129  10:11  Refinery  
  129  10:14  Refinery  
  129  10:15  Supply Depot  
  129  10:16  SCV x4  
  133  10:21  Viking  
  133  10:23  Marine x3  
  133  10:27  Terran Vehicle And Ship Armor Level 3  
  133  10:28  SCV x3  
  141  10:29  SCV  
  141  10:33  Viking x2  
  146  10:37  Supply Depot  
  146  10:40  SCV x3  
  146  10:41  SCV, Marine  
  151  10:52  SCV x3  
  151  10:53  SCV  
  151  10:54  Marine  
  156  10:58  Marine, Medivac  
  156  11:01  Supply Depot  
  159  11:04  SCV x3  
  159  11:05  Terran Ship Weapons Level 3  
  159  11:06  Terran Infantry Weapons Level 3  
  159  11:09  Marine  
  163  11:12  Marine  
  163  11:16  Terran Infantry Armor Level 3  
  163  11:17  Barracks  
  164  11:23  SCV x4, Marine, Refinery  
  169  11:27  Marine  
  169  11:30  Marine  
  171  11:35  SCV  
  172  11:51  Supply Depot  
  172  12:06  Barracks  
  172  12:12  Thor, Viking  
  172  12:14  Supply Depot, Command Center  
  180  12:29  Barracks Reactor  
  180  12:32  Stimpack  
  180  12:35  Marine x2, Viking  
  180  12:36  SCV x4  
  188  12:39  Supply Depot  
  188  13:01  SCV x2, Viking x3  
  188  13:02  SCV  
  188  13:03  Supply Depot  
  190  13:26  Supply Depot  
  185  13:41  Viking x4  
  183  14:11  Viking  
  159  15:03  Viking x4  
  159  15:04  Marine x4  
  159  15:05  Marine  
  172  15:10  Barracks Reactor  
  172  15:11  Supply Depot  
  172  15:13  Terran Vehicle Weapons Level 1  
  97  16:25  Viking  
  97  16:26  Viking x3  
  97  16:27  SCV x2  
  97  16:28  SCV, Marine x4  
  97  16:29  Marine x3  
  115  16:33  Siege Tank  
  118  16:42  Starport  
  118  16:43  Starport  
  118  16:44  Starport  
  118  16:48  Marine x6  
  118  16:49  Marine  
  118  16:52  SCV x2  
  118  16:53  Orbital Command  
  127  16:55  Viking  
  127  16:56  Viking  
  127  17:01  Refinery  
  131  17:04  Viking x2  
  131  17:05  Siege Tank  
  131  17:06  Marine x5  
  143  17:11  SCV x3  
  146  17:22  Starport Reactor x3  
  146  17:25  Viking  
  146  17:26  Viking  
  150  17:38  SCV x2  
  150  17:39  SCV x2  
  154  17:46  Terran Vehicle Weapons Level 2  
  154  17:53  SCV x2  
  154  17:54  SCV  
  157  18:01  Refinery  
  157  18:05  Command Center  
  157  18:11  Marine  
  157  18:12  Marine x6  
  163  18:19  Siege Tank  
  167  18:20  Viking x6  
  167  18:21  Viking x4  
  187  18:29  Marine x2  
  185  18:50  Viking x6  
  185  18:51  Viking  
  195  19:04  Viking x2  
  93  20:52  Viking x10  
  93  20:54  Marine  
  93  20:55  Marine x2  
  93  20:56  Marine  
  115  21:02  Orbital Command  
  115  21:05  SCV  
  115  21:10  SCV  
  115  21:11  SCV  
  118  21:22  Viking x10  
  138  21:36  Siege Tank, Marine  
  138  21:37  Marine x6  
  148  21:41  Terran Vehicle Weapons Level 3  
  148  21:48  Refinery  
  148  21:52  Refinery, Viking x3  
  154  21:54  Marine, Viking x2  
  154  21:55  Marine x4, Viking x4  
  169  22:14  Viking  
  143  23:03  Viking x6  
  143  23:04  Viking x4  
  163  23:27  Marine x7  
  163  23:30  Siege Tank  
  163  23:33  Viking x3  
  179  23:44  Marine  
  179  23:45  Marine x3  
  118  24:10  Marine  
  118  24:11  Marine x6  
  118  24:12  Viking  
  118  24:13  Viking x9  
  118  24:16  Siege Tank  
  141  24:28  Marine  
  138  24:36  Marine  
  138  24:37  Marine x5  
  144  24:42  Viking  
  144  24:43  Viking x5  
  156  24:46  Marine  
  156  24:48  Siege Tank  
  156  24:49  SCV  
  156  24:50  SCV x2  
  156  24:52  Command Center  
  163  25:09  Viking  
  163  25:10  Viking  
  163  25:11  Viking  
  103  26:03  Marine x7  
  107  26:18  Siege Tank  
  107  26:20  Marine  
  107  26:21  Marine x5  
  107  26:49  Viking  
  107  26:50  Siege Tank  
  107  26:52  Marine  
  107  26:53  Marine x6  
  119  27:01  SCV x3  
  122  27:06  Command Center  
  121  27:10  Marine  
  121  27:13  Viking x6  
  121  27:14  Viking x3  
  140  27:16  Marine x5  
  140  27:17  Marine  
  146  27:23  Siege Tank  
  125  27:47  Marine  
  125  27:48  Marine x6  
  103  27:52  Viking  
  103  27:55  Siege Tank  
  92  27:59  SCV  
  92  28:00  SCV  
  63  28:52  Marine  
  63  28:53  Marine x5  
Show
View Real Time Build Order
Export as new Build Order

Santiel Terran - Winner!

Build Orders:  

Get SALT Encoding   

  12  0:01  SCV  
  13  0:13  SCV  
  14  0:20  Supply Depot  
  14  0:36  SCV  
  15  0:44  Barracks  
  15  0:53  Refinery  
  15  0:54  SCV  
  15  0:56  Supply Depot  
  16  1:06  SCV  
  17  1:18  SCV  
  18  1:30  SCV  
  19  1:32  Barracks Tech Lab  
  19  1:42  SCV  
  20  1:50  Refinery  
  20  1:55  SCV  
  20  1:58  Marine  
  22  2:06  Command Center  
  22  2:07  SCV  
  23  2:16  Marine  
  24  2:23  Factory  
  24  2:33  Marine  
  24  3:02  SCV  
  25  3:08  Factory Tech Lab  
  25  3:11  Barracks  
  25  3:24  Supply Depot  
  25  3:32  Siege Tank  
  28  3:38  SCV  
  29  3:48  Starport  
  29  3:50  SCV  
  30  3:59  SCV  
  30  4:01  Barracks Reactor  
  30  4:02  Combat Shield, SCV  
  32  4:04  Siege Tank  
  33  4:11  SCV  
  33  4:14  SCV  
  33  4:23  SCV  
  34  4:29  Supply Depot  
  34  4:36  SCV  
  35  4:40  Siege Tank  
  35  4:41  Barracks  
  35  4:43  Marine  
  39  4:48  SCV  
  40  4:52  Supply Depot  
  40  5:00  SCV  
  41  5:12  SCV  
  41  5:13  Medivac  
  44  5:19  Supply Depot  
  44  5:27  Marine x2  
  44  5:28  Engineering Bay  
  46  5:31  Barracks Reactor  
  46  5:39  SCV  
  47  5:43  Medivac  
  47  5:45  Marine x2  
  51  5:50  SCV  
  52  6:02  SCV  
  52  6:03  Marine  
  54  6:15  SCV, Refinery  
  55  6:22  Terran Infantry Weapons Level 1, Engineering Bay  
  55  6:25  Missile Turret  
  55  6:27  SCV  
  56  6:39  SCV  
  57  6:46  Missile Turret  
  57  6:47  Marine x5  
  57  6:49  Stimpack  
  57  6:51  SCV  
  63  6:55  Terran Infantry Armor Level 1  
  63  7:02  Refinery  
  63  7:03  Orbital Command, SCV  
  63  7:06  Missile Turret  
  64  7:14  Medivac  
  64  7:15  SCV  
  67  7:20  Marine x5  
  72  7:26  Missile Turret  
  72  7:30  Missile Turret  
  72  7:38  Marine x3  
  72  7:42  SCV  
  76  7:47  Missile Turret  
  76  7:49  Missile Turret  
  76  8:08  Missile Turret  
  76  8:10  Missile Turret  
  76  8:13  Supply Depot  
  76  8:30  Missile Turret  
  76  8:32  Missile Turret, Command Center  
  76  8:36  Supply Depot  
  76  8:52  Missile Turret  
  76  9:07  Marine x4  
  76  9:08  Marine  
  81  9:19  Supply Depot  
  81  9:21  Supply Depot  
  81  9:25  Marine x5  
  81  9:27  Barracks  
  86  9:31  Barracks  
  86  9:38  Armory  
  86  9:41  Supply Depot  
  86  9:42  Medivac  
  86  9:43  Marine x5  
  86  9:44  Siege Tank  
  96  9:52  Supply Depot  
  96  10:00  Marine  
  96  10:01  Marine x3  
  96  10:04  Refinery  
  96  10:06  SCV  
  101  10:16  Supply Depot, Siege Tank  
  101  10:17  Barracks Reactor  
  101  10:18  SCV  
  105  10:22  Barracks Reactor  
  105  10:23  Barracks  
  105  10:26  Barracks  
  105  10:28  Terran Infantry Weapons Level 2  
  105  10:29  Terran Infantry Armor Level 2  
  105  10:30  SCV  
  105  10:33  Supply Depot  
  106  10:42  SCV  
  107  10:54  SCV  
  107  10:55  Supply Depot  
  108  11:13  Barracks Reactor  
  108  11:20  Barracks Reactor  
  108  11:23  Barracks Reactor  
  108  11:35  Barracks Reactor  
  108  11:47  Marine x2  
  108  11:48  Marine x7  
  117  11:55  Supply Depot  
  117  12:05  Marine x4  
  117  12:06  Marine x5  
  126  12:19  Supply Depot  
  126  12:21  Supply Depot  
  126  12:23  Marine x5  
  126  12:24  Marine x4  
  135  12:41  Marine x6  
  141  12:45  Supply Depot  
  52  14:51  Marine x4  
  52  14:52  Marine x7  
  55  14:53  Marine x2  
  59  15:01  SCV  
  59  15:06  Refinery  
  60  15:08  Siege Tank  
  60  15:09  Marine x6  
  60  15:10  Marine x7  
  60  15:11  Orbital Command  
  60  15:13  SCV  
  77  15:25  SCV  
  77  15:26  Marine  
  77  15:27  Marine x6  
  77  15:28  Marine x6  
  91  15:40  Siege Tank  
  93  15:44  Marine x2  
  93  15:45  Marine x6  
  93  15:46  Marine x5  
  75  16:04  Marine  
  75  16:12  Siege Tank  
  75  16:36  Marine x3  
  75  16:37  Marine x7  
  75  16:38  Marine x3  
  88  16:43  Terran Infantry Weapons Level 3  
  88  16:44  Terran Infantry Armor Level 3, Siege Tank  
  91  16:54  Marine x4  
  91  16:55  Marine x7, Medivac  
  91  16:56  Marine x2  
  101  17:12  Marine x5  
  101  17:13  Marine x7  
  101  17:14  Marine  
  85  17:16  Siege Tank  
  84  17:25  Medivac  
  86  17:30  Marine x3  
  86  17:33  Command Center  
  89  17:46  Orbital Command  
  89  17:55  Medivac  
  91  18:07  Supply Depot  
  53  18:39  Marine x7  
  53  18:40  Marine x2  
  62  18:56  Marine  
  62  18:57  Marine x3  
  66  19:07  Orbital Command  
  43  21:02  Command Center  
  43  21:19  Command Center  
  43  21:31  Medivac  
  45  21:41  Marine x5  
  45  21:42  Marine x7  
  45  21:43  Marine  
  58  21:59  Marine x7  
  58  22:00  Marine x5  
  58  22:01  Medivac  
  72  22:30  Medivac  
  74  23:03  SCV  
  75  23:15  SCV  
  75  23:17  Medivac  
  78  23:27  SCV  
  78  23:30  Orbital Command  
  78  23:33  Refinery  
  79  23:40  SCV  
  80  23:47  Medivac  
  82  23:52  SCV  
  82  23:53  Marine x6  
  82  23:54  Marine x7  
  96  24:04  SCV  
  97  24:10  Marine  
  97  24:11  Marine x6  
  97  24:12  Marine x6  
  97  24:16  SCV  
  111  24:17  Medivac  
  109  24:28  Marine x2  
  109  24:29  Marine x7  
  109  24:30  Marine x4  
  77  24:46  Marine  
  77  24:47  Medivac  
  80  24:56  Marine x4  
  80  24:57  Marine x7  
  80  24:58  Marine  
  80  24:59  Siege Tank  
  95  25:04  Marine  
  78  25:31  Siege Tank  
  53  26:01  Marine x2  
  53  26:02  Marine x7  
  53  26:03  Siege Tank, Marine x4  
  69  26:19  Marine x3  
  69  26:20  Marine x7  
  69  26:21  Marine x3  
  82  26:36  Siege Tank  
  82  26:37  Marine x4  
  82  26:38  Marine x4  
  93  27:08  Siege Tank  
  96  28:13  Marine  
  96  28:14  Marine x8  
  96  28:15  Marine x4  
  109  28:31  Marine x3  
  109  28:32  Marine x7  
  109  28:33  Marine x3  
  122  28:49  Marine x5  
  122  28:50  Marine x6  
  122  28:51  Marine x2  
  79  30:00  Command Center  
  54  30:09  Command Center  
Show
View Real Time Build Order
Export as new Build Order

Santiel Protoss - Winner!

Build Orders: 1 Gate Expand, Oracle Opening, Carriers 

Get SALT Encoding   

  12  0:00  Probe  
  13  0:12  Probe  
  14  0:19  Pylon  
  14  0:24  Probe  
  15  0:40  Gateway  
  15  0:42  Assimilator  
  15  0:43  Probe  
  16  0:55  Probe  
  17  1:07  Probe  
  18  1:20  Probe  
  19  1:29  Cybernetics Core  
  19  1:42  Nexus  
  19  1:43  Probe  
  19  1:45  Assimilator  
  20  1:52  Pylon  
  20  1:55  Probe  
  21  2:10  Stalker, Stargate  
  21  2:11  Probe  
  22  2:19  Warp Gate  
  24  2:24  Probe  
  25  2:35  Pylon  
  25  2:36  Probe  
  26  2:47  Oracle  
  26  2:48  Probe  
  27  2:56  Probe  
  31  3:03  Zealot  
  31  3:04  Probe  
  34  3:08  Probe  
  35  3:17  Probe  
  36  3:20  Probe  
  36  3:23  Pylon  
  37  3:29  Probe  
  37  3:32  Probe  
  39  3:39  Twilight Council  
  39  3:41  Gateway, Probe  
  40  3:45  Probe  
  40  3:46  Pylon  
  45  4:01  Void Ray  
  45  4:20  Stalker  
  45  4:23  Probe x2  
  49  4:30  Charge  
  49  4:35  Probe x2  
  51  4:38  Gateway  
  51  4:41  Gateway  
  51  4:44  Forge  
  51  4:47  Probe x2  
  53  4:54  Assimilator  
  53  4:56  Pylon  
  53  4:58  Assimilator  
  57  5:03  Void Ray  
  57  5:41  Probe x2  
  59  5:53  Probe x2  
  61  5:58  Fleet Beacon, Stargate  
  61  5:59  Stalker  
  61  6:00  Stalker x2  
  63  6:10  Probe x2  
  65  6:22  Shield Battery, Probe x2  
  65  6:25  Pylon  
  67  6:27  Photon Cannon  
  67  6:31  Shield Battery  
  67  6:33  Photon Cannon  
  67  6:36  Phoenix  
  67  6:37  Protoss Ground Weapons Level 1  
  69  6:45  Zealot x3  
  69  6:46  Zealot  
  77  6:49  Probe x2  
  77  6:53  Anion Pulse-Crystals  
  79  6:54  Protoss Air Weapons Level 1  
  79  7:04  Phoenix  
  81  7:23  Probe x2  
  81  7:24  Nexus  
  81  7:25  Phoenix  
  81  7:28  Pylon  
  85  7:30  Assimilator  
  85  7:32  Pylon  
  85  7:35  Pylon  
  85  7:39  Assimilator  
  85  7:53  Gateway  
  85  7:55  Gateway, Zealot x4  
  85  7:57  Phoenix, Pylon  
  95  8:01  Phoenix  
  95  8:04  Pylon  
  97  8:12  Flux Vanes  
  97  8:22  Phoenix  
  97  8:26  Phoenix  
  101  8:34  Stargate  
  101  8:37  Probe x3, Stargate  
  104  8:49  Probe x3  
  107  8:57  Shield Battery  
  107  9:01  Probe x3  
  107  9:13  Probe x3  
  110  9:19  Photon Cannon  
  110  9:22  Photon Cannon  
  110  9:23  Shield Battery  
  114  9:25  Void Ray, Probe x2  
  114  9:26  Probe  
  117  9:37  Probe x2  
  117  9:38  Probe  
  120  9:49  Probe  
  120  9:50  Probe x2  
  123  9:58  Protoss Ground Armor Level 1  
  123  10:07  Nexus  
  123  10:09  Tempest  
  123  10:10  Assimilator  
  123  10:12  Protoss Air Armor Level 1, Phoenix  
  123  10:13  Pylon  
  129  10:15  Assimilator, Pylon  
  129  10:21  Carrier  
  129  10:26  Pylon  
  135  10:34  Carrier  
  130  10:56  Templar Archives  
  130  11:02  Shield Battery  
  130  11:05  Shield Battery  
  130  11:06  Zealot x4  
  130  11:07  Zealot x2  
  130  11:10  Photon Cannon  
  142  11:14  Shield Battery  
  142  11:20  Tempest x2  
  142  11:21  Photon Cannon  
  142  11:22  Photon Cannon  
  150  11:38  Gateway  
  150  11:41  Gateway  
  150  11:42  Gateway  
  150  11:43  Gateway  
  150  11:47  Pylon  
  150  11:50  Pylon  
  150  11:53  Pylon  
  150  11:55  Pylon, High Templar x4  
  150  11:56  High Templar  
  150  11:57  High Templar  
  150  11:59  Archon x2  
  162  12:01  Archon  
  162  12:07  Robotics Facility  
  162  12:19  Protoss Shields Level 1  
  162  12:26  Tempest x2  
  162  12:27  Tempest x2  
  178  12:36  Protoss Air Weapons Level 2  
  178  12:42  Zealot x5  
  178  12:43  Zealot x3  
  122  13:38  Tempest x2, Carrier  
  122  13:39  Carrier  
  122  13:41  High Templar x4  
  144  13:42  Zealot  
  144  13:43  Zealot x5  
  144  13:46  Archon x2  
  110  14:16  Immortal  
  100  14:20  Zealot  
  100  14:21  Zealot x5  
  100  14:22  Zealot x4  
  110  14:24  Phoenix x2  
  110  14:26  Protoss Ground Weapons Level 2  
  130  14:54  Observer  
  130  14:55  Zealot x7  
  130  14:57  Void Ray x2  
  130  14:58  Void Ray x2  
  145  15:10  Protoss Air Armor Level 2  
  145  15:29  Stalker  
  145  15:30  Stalker x2  
  151  15:42  Nexus, Pylon  
  145  15:46  Pylon  
  145  15:47  Pylon  
  145  15:48  Stalker  
  145  15:49  Stalker x4  
  145  15:50  Stalker  
  145  15:55  Assimilator  
  115  16:00  Assimilator  
  115  16:02  Stalker x3  
  83  16:42  Carrier  
  83  16:46  Tempest  
  83  16:52  High Templar  
  83  16:53  High Templar x5  
  89  16:54  High Templar x2  
  89  16:57  High Templar  
  95  17:06  High Templar  
  95  17:07  Archon x2  
  95  17:08  Archon x2  
  97  17:10  Archon  
  97  17:11  Assimilator, Pylon  
  97  17:12  Nexus  
  97  17:14  Assimilator  
  97  17:15  Pylon  
  97  17:16  Pylon  
  97  17:26  Protoss Ground Weapons Level 3  
  97  17:33  Zealot x4, Blink  
  97  17:34  Zealot x5  
  115  17:51  Protoss Air Weapons Level 3  
  115  18:14  Zealot x3  
  115  18:15  Zealot x5  
  115  18:16  Zealot x2  
  131  18:40  Zealot x6  
  131  18:41  Zealot x4  
  145  19:06  Tempest, Carrier  
  145  19:07  Carrier  
  145  19:08  Tempest  
  159  19:16  Stalker x4  
  153  19:18  High Templar  
  153  19:19  High Templar  
  153  19:23  Archon  
  147  19:35  Zealot x2  
  147  19:36  Zealot x2  
  146  19:41  High Templar x2  
  146  19:42  High Templar x2  
  154  19:45  Archon  
  154  19:47  Archon  
  146  19:58  Zealot x4  
  146  19:59  Zealot x2  
  106  20:14  Stalker x3  
  98  20:26  Stalker x5  
  98  20:27  Stalker  
  110  20:42  Stalker x4  
  106  20:53  Protoss Ground Armor Level 2  
  106  21:13  High Templar x3  
  106  21:14  High Templar x5  
  106  21:16  Zealot x2, Protoss Air Armor Level 3  
  126  21:21  Archon x2  
  126  21:22  Archon  
  126  21:23  Archon  
  138  21:40  Void Ray x2  
  138  21:42  Void Ray  
  138  21:44  Immortal  
  146  21:58  Zealot x3  
  146  21:59  Zealot x3, Void Ray  
  158  22:14  Stalker x4  
  166  22:23  Observer  
  155  22:55  Zealot x5  
  155  22:56  Zealot x5  
  173  23:28  Zealot x5  
  173  23:29  Zealot x5  
  171  23:54  Nexus  
  147  23:58  Pylon  
  147  24:01  Pylon  
  66  24:17  Zealot x6  
  66  24:18  Zealot x4  
  66  24:21  Tempest  
  66  24:22  Tempest  
  94  24:41  Protoss Ground Armor Level 3  
  94  24:45  Immortal  
  98  24:49  High Templar  
  98  24:50  High Templar x3  
  106  24:52  Zealot  
  106  24:53  Zealot x5  
  106  24:55  Archon  
  106  24:56  Archon  
  118  25:22  Assimilator  
  118  25:23  Zealot x4  
  118  25:24  Zealot x3  
  118  25:25  Zealot x3  
  118  25:26  Assimilator  
  108  25:44  Phoenix x3  
  108  25:45  Phoenix  
  110  25:50  Zealot  
  110  25:51  Zealot x7  
  110  25:52  Zealot x2  
  96  27:03  Zealot x4  
  96  27:04  Zealot x4  
  96  27:05  Zealot x2  
  116  27:15  Immortal  
  112  27:23  Shield Battery  
  112  27:25  Pylon  
  112  27:27  Zealot  
  112  27:28  Zealot x5  
  112  27:29  Zealot x3  
  138  27:30  Zealot  
  138  27:31  Void Ray x2  
  110  27:52  Zealot x2  
  110  27:53  Zealot x6  
  110  27:54  Zealot x2  
  142  28:28  High Templar x3  
  142  28:29  High Templar x6  
  142  28:30  High Templar  
  142  28:32  Archon, Void Ray x3  
  142  28:33  Archon x3, Void Ray  
  142  28:34  Archon  
  170  29:15  Void Ray  
  170  29:20  Tempest x3  
  170  29:22  Zealot x6  
  170  29:23  Zealot x3  
Tags
 
Add a new tag
Caveats
  • Supply blocks, unpowered buildings, or Contaminate may cause inaccurate times.
  • Supply counts are checked every 10 seconds.